 Dungeon Crawl Stone Soup version 0.24-a0-475-g5b41c6f198 (webtiles) character file.

Game seed: 7398472313465485375

26460 pk666 the Thaumaturge (level 12, -6/59 HPs)
             Began as a Deep Elf Wizard on July 5, 2019.
             Was an Elder of Vehumet.
             Splashed by an oklob plant's acid (11 damage)
             ... on level 5 of the Lair of Beasts.
             The game lasted 01:23:05 (26380 turns).

pk666 the Thaumaturge (Deep Elf Wizard)            Turns: 26380, Time: 01:23:07

Health: -6/59      AC:  5    Str:  8    XL:     12   Next: 98%
Magic:  2/32       EV: 23    Int: 34    God:    Vehumet [****..]
Gold:   963        SH:  0    Dex: 10    Spells: 24/40 levels left

rFire    . . .     SeeInvis .   Q - +5 quarterstaff "Koczyany" {elec, rC+ Str+4 Int+5 Dex-3}
rCold    + + .     Gourm    .   (shield currently unavailable)
rNeg     . . .     Faith    .   P - +2 robe {rC+}
rPois    +         Spirit   .   b - +1 hat
rElec    .         Reflect  .   i - scarf {cloud immunity}
rCorr    .         Harm     .   (no gloves)
MR       +....                  (no boots)
Stlth    ++........             (no amulet)
HPRegen  0.19/turn              j - +6 ring of evasion
MPRegen  0.23/turn              e - ring of poison resistance

@: about to teleport
A: no striking features
a: Renounce Religion


You were on level 5 of the Lair of Beasts.
You worshipped Vehumet.
Vehumet was greatly pleased with you.
You were not hungry.

You visited 3 branches of the dungeon, and saw 18 of its levels.

You collected 963 gold pieces.

Inventory:

Hand Weapons
 v - a +1 dagger of speed
 Q - the +5 quarterstaff "Koczyany" (weapon) {elec, rC+ Str+4 Int+5 Dex-3}
   (You found it on level 1 of the Lair of Beasts)

   Occasionally, upon striking a foe, it will discharge some electrical energy
   and cause terrible harm.
   It affects your strength (+4).
   It affects your intelligence (+5).
   It affects your dexterity (-3).
   It protects you from cold.
 W - a +4 dagger of venom
Armour
 b - a +1 hat (worn)
 i - a scarf of cloud immunity (worn)
 P - a +2 robe of cold resistance (worn)
Jewellery
 e - a ring of poison resistance (right hand)
 j - a +6 ring of evasion (left hand)
 m - an uncursed ring of see invisible
 E - an uncursed ring of positive energy
 N - an uncursed ring of ice
 S - a +2 ring of intelligence
Wands
 a - a wand of clouds (3)
 o - a wand of flame (21)
 s - a wand of enslavement (23)
 w - a wand of iceblast (10)
 C - a wand of random effects (32)
 D - a wand of digging (7)
 F - a wand of disintegration (23)
 K - a wand of paralysis (11)
Scrolls
 g - 5 scrolls of immolation
 k - 7 scrolls of remove curse
 l - 2 scrolls of blinking {unknown}
 n - 4 scrolls of identify
 p - 3 scrolls of amnesia {unknown}
 t - 3 scrolls of enchant weapon
 u - 2 scrolls of teleportation
 x - 3 scrolls of fog {unknown}
 y - 3 scrolls of magic mapping
 A - 2 scrolls of holy word {unknown}
 B - 5 scrolls of fear
 H - a scroll of noise {unknown}
 I - a scroll of brand weapon {unknown}
 M - 2 scrolls of vulnerability {unknown}
 R - a scroll of enchant armour
 T - a scroll of summoning {unknown}
Potions
 c - 6 potions of curing
 f - 2 potions of resistance
 h - 3 potions of invisibility
 q - a potion of agility
 r - a potion of brilliance
 z - 2 potions of flight
 G - 2 potions of might
 J - 5 potions of haste
 L - 2 potions of ambrosia
 O - 2 potions of lignification {unknown}
 V - a potion of mutation {unknown}
Comestibles
 d - 32 rations
 U - a chunk of flesh


   Skills:
 + Level 11.7 Dodging
 - Level 2.4 Stealth
 + Level 14.6 Spellcasting
 + Level 12.1 Conjurations
   Level 1.1 Summonings
 - Level 3.0 Translocations
 + Level 11.9 Fire Magic
 - Level 2.0 Air Magic
 - Level 3.0 Poison Magic


You had 24 spell levels left.
You knew the following spells:

 Your Spells              Type           Power        Failure   Level  Hunger
a - Magic Dart            Conj           ####         0%          1    None
b - Blink                 Tloc           N/A          1%          2    None
c - Conjure Flame         Conj/Fire      #######.     1%          3    None
d - Mephitic Cloud        Conj/Pois/Air  ######..     1%          3    None
e - Stone Arrow           Conj/Erth      ######       1%          3    None
f - Iskenderun's Mystic   Conj           #######.     1%          4    None

Your spell library contained the following spells:

 Spells                   Type           Power        Failure   Level  Hunger
 Yara's Violent Unravell  Hex/Tmut       ###.......   12%         5    None
 Sandblast                Erth           ###...       1%          1    None
 Sting                    Conj/Pois      ####         1%          1    None
 Call Imp                 Summ           ####....     1%          2    None
 Passwall                 Tmut/Erth      ###.....     2%          2    None
 Slow                     Hex            ###.....     2%          2    None
 Lee's Rapid Deconstruct  Erth           ###.......   12%         5    None
 Petrify                  Tmut/Erth      ###.....     16%         4    None


Dungeon Overview and Level Annotations

Branches:
Dungeon (12/15)            Temple (0/1) D:5            Lair (5/6) D:9
  Swamp (0/4) Lair:3        Snake (0/4) Lair:4          Orc (1/2) D:9
  Slime: Lair:5-6

Altars:
Cheibriados
Dithmenos
Elyvilon
Fedhas
Hepliaklqana
Makhleb
Okawaru
Ru
Sif Muna
Uskayaw
Vehumet
Xom
Zin
Jiyva

Shops:
D:10 (

Annotations:
D:8 3 runed translucent doors, hitsuchi's ghost, novice MiFi
D:11 exclusion: downstairs
Lair:5 exclusion: oklob plant, Snorg


Message History

You don't know that spell.
Snorg misses you. Snorg closely misses you. Snorg claws you.
Casting: Iskenderun's Mystic Blast (safe; 1% risk of failure)
Confirm with . or Enter, or press ? or * to list all spells.
You blink.
Snorg rages.
Snorg bites you!! Snorg misses you. Snorg closely misses you.
As you read the scroll of teleportation, it crumbles to dust.
You feel strangely unstable. Snorg misses you. Snorg claws you!!
Snorg barely misses you. Snorg bites you but does no damage. Snorg claws you.
* * * LOW HITPOINT WARNING * * *
Snorg misses you.
Casting: Blink (safe; 1% risk of failure)
Confirm with . or Enter, or press ? or * to list all spells.
You blink.
The oklob plant spits acid at you. The splash of acid hits you!
* * * LOW HITPOINT WARNING * * *
You are splashed with acid!
You die...

##..................##
###.....P............## #
#P.....P.(..........## #.
#..................#.##.#
#..............PP..........
#..............P...#...#....
#...........................
#...........................P
.............@................
.............#..........#......
...........##....T§.....#......
. ..#P #.#.........##.##... ..
..###..........P#### ... ....
#.##..........##


#PP ...PP #..#..........# P. ....P##.............# #P ....................# You
could see Snorg (berserk) and an oklob plant.

Vanquished Creatures
  Fannar (D:11)
  A hydra (Lair:3)
  A two-headed ogre (D:8)
  Sonja (Lair:5)
  Urug (Lair:4)
  4 oklob plants
  3 black mambas
  5 spiny frogs
  7 komodo dragons
  A torpor snail (Lair:5)
  A polar bear (Lair:3)
  A troll (D:11)
  A hornet (D:11)
  Prince Ribbit (Lair:1)
  3 blink frogs (Lair:1)
  3 dream sheep (Lair:5)
  4 bog bodies (Lair:3)
  6 hippogriffs
  24 yaks
  2 basilisks (Lair:2)
  2 wyverns
  2 hungry ghosts
  A steam dragon (D:9)
  4 vampire mosquitoes (D:10)
  3 wargs (D:9)
  A swamp worm (Lair:3)
  7 porcupines
  3 orc warriors
  16 water moccasins
  An ice beast (D:7)
  2 sky beasts (D:6)
  A black bear (D:7)
  3 phantoms
  An eye of draining (D:7)
  2 centaurs
  7 ogres
  8 crocodiles
  A big kobold (D:11)
  10 bullfrogs
  A wyvern zombie (D:6)
  A scorpion (D:5)
  7 killer bees
  7 wights
  A howler monkey (D:6)
  An electric eel (Lair:3)
  A bullfrog zombie (D:6)
  A quasit (D:11)
  2 centaur zombies
  4 crimson imps
  A centaur skeleton (D:5)
  6 orc priests
  5 hounds
  19 orc wizards
  3 jellies
  Jessica (D:3)
  2 iguanas
  11 worker ants
  2 hound zombies
  A hound skeleton (D:7)
  3 gnolls (D:7)
  A worker ant zombie (D:9)
  17 adders
  2 shadow imps
  2 oozes
  An adder zombie (D:9)
  An adder skeleton (D:6)
  4 dart slugs (D:1)
  4 leopard geckos
  38 orcs
  8 bats
  4 giant cockroaches
  7 goblins
  8 hobgoblins
  10 jackals
  7 kobolds
  7 quokkas
  A ball python (D:5)
  2 frilled lizards (D:3)
  A leopard gecko skeleton (D:5)
  6 rats
  A butterfly (Lair:4)
  A fungus (Lair:3)
  2 plants (Lair:3)
361 creatures vanquished.

Vanquished Creatures (others)
  An eye of draining (D:11)
  4 plants
5 creatures vanquished.

Grand Total: 366 creatures vanquished

Notes
Turn   | Place    | Note
-------+----------+-------------------------------------------
     0 | D:1      | pk666 the Deep Elf Wizard began the quest for the Orb.
     0 | D:1      | Reached XP level 1. HP: 10/10 MP: 7/7
   177 | D:1      | Reached XP level 2. HP: 15/15 MP: 2/9
   721 | D:1      | Reached skill level 5 in Spellcasting
   802 | D:1      | Reached XP level 3. HP: 19/19 MP: 8/11
   863 | D:1      | Learned a level 2 spell: Blink
   867 | D:1      | Learned a level 3 spell: Conjure Flame
   871 | D:1      | Learned a level 3 spell: Mephitic Cloud
  2228 | D:2      | Found a hazy altar of Hepliaklqana.
  2350 | D:3      | Reached skill level 1 in Poison Magic
  2350 | D:3      | Reached XP level 4. HP: 22/24 MP: 3/13
  3116 | D:3      | Found a glowing silver altar of Zin.
  3190 | D:3      | Found a deep blue altar of Sif Muna.
  3190 | D:3      | Noticed Jessica
  3193 | D:3      | Killed Jessica
  3193 | D:3      | Reached skill level 1 in Fire Magic
  3193 | D:3      | Reached skill level 1 in Air Magic
  3267 | D:3      | Reached XP level 5. HP: 28/28 MP: 4/15
  4125 | D:4      | Noticed an ogre
  4133 | D:4      | Killed an ogre
  4133 | D:4      | Reached XP level 6. HP: 32/32 MP: 5/16
  4383 | D:4      | Reached skill level 6 in Spellcasting
  4496 | D:4      | Found a blossoming altar of Fedhas.
  4681 | D:4      | Found a radiant altar of Vehumet.
  4696 | D:4      | Became a worshipper of Vehumet
  5192 | D:5      | Entered Level 5 of the Dungeon
  5597 | D:5      | Reached XP level 7. HP: 36/36 MP: 14/18
  6132 | D:5      | Found a staircase to the Ecumenical Temple.
  6348 | D:5      | Found a shadowy altar of Dithmenos.
  6461 | D:5      | Reached skill level 7 in Spellcasting
  6841 | D:5      | Reached * piety under Vehumet
  6841 | D:5      | Offered knowledge of Sting by Vehumet.
  7162 | D:6      | Reached skill level 5 in Conjurations
  7162 | D:6      | Reached XP level 8. HP: 41/41 MP: 12/21
  7193 | D:6      | Learned a level 3 spell: Stone Arrow
  7211 | D:6      | You fall into a shaft and drop 2 floors!
  7345 | D:8      | Noticed a two-headed ogre
  7348 | D:8      | Found a runed translucent gate.
  7348 | D:8      | Found a runed translucent gate.
  7348 | D:8      | Found a runed translucent gate.
  7348 | D:8      | Noticed a slime creature
  7348 | D:8      | Noticed a slime creature
  7349 | D:8      | Noticed a slime creature
  7351 | D:8      | Noticed hitsuchi's ghost (novice MiFi)
  7359 | D:8      | Killed a two-headed ogre
  7359 | D:8      | Reached skill level 9 in Spellcasting
  7359 | D:8      | Reached skill level 5 in Fire Magic
  7360 | D:8      | Found a viscous altar of Jiyva.
  7369 | D:8      | You fall into a shaft and drop 1 floor!
  7956 | D:6      | Reached XP level 9. HP: 45/45 MP: 5/24
  8258 | D:6      | Found a sacrificial altar of Ru.
  8274 | D:6      | Found an iron altar of Okawaru.
  9997 | D:7      | Reached skill level 5 in Dodging
  9997 | D:7      | Reached skill level 10 in Spellcasting
 10280 | D:7      | Reached ** piety under Vehumet
 10430 | D:7      | Offered knowledge of Flame Tongue by Vehumet.
 11499 | D:8      | Reached XP level 10. HP: 50/50 MP: 18/26
 11757 | D:8      | Found a hide-covered altar of Uskayaw.
 11759 | D:8      | Found a burning altar of Makhleb.
 11761 | D:8      | Found a shimmering altar of Xom.
 11871 | D:8      | HP: 1/50 [disintegration (23)]
 12355 | D:9      | Reached skill level 11 in Spellcasting
 12554 | D:9      | Found a white marble altar of Elyvilon.
 12583 | D:9      | Offered knowledge of Static Discharge by Vehumet.
 13223 | D:9      | Found a staircase to the Orcish Mines.
 13420 | D:9      | Reached *** piety under Vehumet
 13690 | D:9      | Found a staircase to the Lair.
 13750 | D:9      | Found a snail-covered altar of Cheibriados.
 14319 | D:10     | Entered Level 10 of the Dungeon
 14852 | D:10     | Offered knowledge of Iskenderun's Mystic Blast by Vehumet.
 14862 | D:10     | Reached skill level 12 in Spellcasting
 14865 | D:10     | Reached XP level 11. HP: 54/54 MP: 9/29
 15593 | D:3      | Identified Sif Muna's Incunabulum of Toxins
 15778 | D:10     | Found Hariolao's Antique Weapon Boutique.
 16239 | D:11     | Noticed Fannar
 16252 | D:11     | Killed Fannar
 16379 | D:11     | Learned a level 4 spell: Iskenderun's Mystic Blast
 16393 | D:11     | Found a frozen archway.
 16589 | D:11     | Reached skill level 10 in Conjurations
 18197 | Lair:1   | Entered Level 1 of the Lair of Beasts
 18213 | D:9      | Reached skill level 10 in Fire Magic
 18516 | Orc:1    | Entered Level 1 of the Orcish Mines
 18516 | Orc:1    | Noticed an ettin
 19139 | Lair:1   | Got a slimy quarterstaff
 19140 | Lair:1   | Identified the +5 quarterstaff "Koczyany" {elec, rC+ Str+4
                  | Int+5 Dex-3} (You found it on level 1 of the Lair of
                  | Beasts)
 19249 | Lair:1   | Noticed Prince Ribbit
 19253 | Lair:1   | Reached **** piety under Vehumet
 19256 | Lair:1   | Killed Prince Ribbit
 19256 | Lair:1   | Reached skill level 13 in Spellcasting
 19693 | Lair:1   | Offered knowledge of Yara's Violent Unravelling by Vehumet.
 19995 | Lair:1   | Reached skill level 10 in Dodging
 20808 | Lair:2   | Reached XP level 12. HP: 59/59 MP: 15/31
 23103 | Lair:3   | Noticed a five-headed hydra
 23109 | Lair:3   | Killed a five-headed hydra
 23109 | Lair:3   | Reached skill level 14 in Spellcasting
 23318 | Lair:3   | Found a staircase to the Swamp.
 24459 | Lair:4   | Found a staircase to the Snake Pit.
 24839 | Lair:4   | Noticed Urug
 24847 | Lair:4   | Killed Urug
 26192 | Lair:5   | Noticed Sonja
 26195 | Lair:5   | Killed Sonja
 26359 | Lair:5   | Noticed Snorg
 26380 | Lair:5   | Splashed by an oklob plant's acid

Levels and vault maps discovered:
D:1:      tarquinn_simple_flora_water_b, layout_basic
D:2:      layout_loops_ring, lemuel_coloured_pillars_altar,
          hangedman_decor_points
D:3:      layout_basic, overflow_temple_1_default, led_sif_book, uniq_jessica
D:4:      layout_loops_corners, vehumet_altar_wand_db, fedhas_altar_3,
          first_ration
D:5:      layout_loops_ring, minmay_temple_entry_sparse_star,
          chequers_mini_garden, grunt_dithmenos_smoke
D:6:      layout_cave_pods, nicolae_ru_path_of_blood, okawaru_gym_becter
D:7:      layout_rooms
D:8:      layout_basic, grunt_temple_overflow_champion_of_chaos,
          nicolae_overflow_hidden_temple, gammafunk_ghost_ooze
D:9:      layout_basic, overflow_temple_1_default, elyvilon_altar_3,
          david_lair_shrubbed, minmay_orc_entry_guard_dogs, grunt_ogre_cave
D:10:     layout_roguey, serial_shops, nicolae_shop_crystal
D:11:     layout_loops_corners, portal_ice_cave_entry_pillars_1, hex_large,
          uniq_fannar
D:12:     layout_small_grid, gauntlet_entry_generic
Lair:1:   layout_hall_layers, uniq_prince_ribbit2
Lair:2:   layout_cave_pods, grunt_forest_small_clearings,
          cheibrodos_lair_reptile_den, grunt_megastairs_2
Lair:3:   layout_regular_city, nicolae_swamp_entry_splash_gauntlet,
          chequers_serial_rivers_small_b, minmay_lair_oklob_chamber
Lair:4:   layout_cave_pods, minmay_snake_entry_six_corridors,
          grunt_megastairs_3, lemuel_fruit_fields, serial_bayou_shore_a,
          lemuel_fruit_tree, infiniplex_staircase_pool, uniq_urug
Lair:5:   layout_hall_layers, special_room [special_room_bee],
          infiniplex_staircase_pool_2, uniq_sonja, uniq_snorg
Orc:1:    layout_diamond_mine, sword_in_stone, uniq_josephine

Skill      XL: |  1  2  3  4  5  6  7  8  9 10 11 12 |
---------------+-------------------------------------+-----
Dodging        | 3 6 8 10 11 | 11.7
Conjurations   | 2 3 5 6 8 9 10 12 | 12.1
Spellcasting   | 5 6 7 9 10 12 13 14 | 14.6
Poison Magic   | 1 2 3 |  3.0
Fire Magic     | 1 2 4 6 7 9 10 11 | 11.9
Air Magic      | 1 2 |  2.0
Translocations | 2 3 |  3.0
Stealth        | |  2.4
Summonings     | |  1.1

Action                   |  1- 3 |  4- 6 |  7- 9 | 10-12 || total
-------------------------+-------+-------+-------+-------++-------
Melee: Dagger            |     1 |     2 |    40 |    14 ||    57
       Quarterstaff      |       |       |       |    14 ||    14
 Cast: Magic Dart        |   106 |   135 |   400 |   287 ||   928
       Conjure Flame     |     1 |     7 |    38 |    82 ||   128
       Mephitic Cloud    |       |     3 |    18 |    40 ||    61
       Blink             |       |     2 |     6 |    22 ||    30
       Stone Arrow       |       |       |    21 |    40 ||    61
       Iskenderun's Myst |       |       |       |   271 ||   271
  Use: Scroll            |       |     7 |       |    11 ||    18
       Potion            |       |     6 |       |     3 ||     9
  Eat: Chunk             |     4 |     4 |    17 |    31 ||    56
       Ration            |       |     2 |       |     4 ||     6
Armor: Robe              |     5 |     3 |     3 |     5 ||    16
Dodge: Dodged            |    19 |    17 |    56 |   112 ||   204

Table legend:
 A = Non-vault XP
 B = Vault XP
 C = Vault XP percentage of total XP
 D = Non-vault monster count
 E = Vault monster count
 F = Vault count percentage of total count
                 A         B        C        D         E       F
            +---------+---------+-------+---------+---------+-------
      Total |   25871 |   11929 |  31.6 |     309 |      48 |  13.4
            +---------+---------+-------+---------+---------+-------
        D:1 |      60 |       0 |   0.0 |      27 |       0 |   0.0
        D:2 |      22 |       0 |   0.0 |       8 |       0 |   0.0
        D:3 |     153 |     117 |  43.3 |      23 |       3 |  11.5
        D:4 |     196 |       2 |   1.0 |       6 |       1 |  14.3
        D:5 |     707 |       0 |   0.0 |      33 |       0 |   0.0
        D:6 |     934 |       0 |   0.0 |      25 |       0 |   0.0
        D:7 |    1180 |       0 |   0.0 |      23 |       0 |   0.0
        D:8 |    3150 |      50 |   1.6 |      33 |       1 |   2.9
        D:9 |    3899 |    1011 |  20.6 |      32 |       5 |  13.5
       D:10 |    2771 |       0 |   0.0 |      25 |       0 |   0.0
       D:11 |    2117 |    1004 |  32.2 |      26 |       1 |   3.7
     Lair:1 |    2149 |    1072 |  33.3 |      13 |       4 |  23.5
     Lair:2 |    2222 |    1324 |  37.3 |      11 |       4 |  26.7
     Lair:3 |    1939 |    3805 |  66.2 |       7 |      13 |  65.0
     Lair:4 |    2721 |    2717 |  50.0 |      10 |      15 |  60.0
     Lair:5 |    1651 |     827 |  33.4 |       7 |       1 |  12.5
            +---------+---------+-------+---------+---------+-------
